 Dungeon Crawl Stone Soup version 0.18.1-50-g88ac8fd (webtiles) character file.

1505197 ringo67 the Pyromancer (level 27, 181/181 HPs)
             Began as a Deep Elf Fire Elementalist on Oct 26, 2016.
             Was the Champion of Vehumet.
             Escaped with the Orb
             ... and 3 runes on Oct 29, 2016!
             The game lasted 16:50:16 (101019 turns).

ringo67 the Pyromancer (DEFE)                     Turns: 101019, Time: 16:50:17

Health: 181/181    AC: 25    Str: 17    XL:     27
Magic:  32/45      EV: 29    Int: 51    God:    Vehumet [******]
Gold:   3155       SH:  7    Dex: 23    Spells: 12 memorised, 8 levels left

rFire  + + .     SeeInvis +     U - +5 broad axe of Qapotaas {chop, *Noise rN+ Str+3 Int+5}
rCold  x . .     Gourm    .     Y - +6 faerie dragon armour {+Inv rElec Int+4 Dex+3}
rNeg   + + .     Faith    .     P - +1 buckler of Haopel {rC- rN+ Str+5 Dex+2}
rPois  +         Spirit   .     f - +2 helmet {Int+3}
rElec  +         Dismiss  .     d - +0 cloak "Beseetha" {MR+ SInv}
rCorr  +         Reflect  .     q - +1 pair of gloves "Noec" {rF++ rCorr Int+2 Stlth-}
SustAt .         Harm     .     u - +2 pair of boots {Fly}
MR     +++..                    j - amulet of regeneration
Stlth  +.........               Q - ring "Bolid" {+Fly rPois Str+3 Int+4 Dex+3}
                                T - ring of wizardry

@: flying, very slightly contaminated, repel missiles, extremely resistant to
hostile enchantments, very unstealthy
A: rugged brown scales 1, blurry vision 1, low mp 1
a: Renounce Religion, Evoke Invisibility, Stop Flying
0: Orb of Zot
}: 3/15 runes: decaying, silver, gossamer


You escaped.
You worshipped Vehumet.
Vehumet was exalted by your worship.
You were not hungry.

You visited 10 branches of the dungeon, and saw 52 of its levels.
You visited 1 bazaar.

You collected 6934 gold pieces.
You spent 3779 gold pieces at shops.

Inventory:

Hand Weapons
 n - the +1 morningstar "Fophur" {drain, rPois Int+4}
   (You found it on level 6 of the Dungeon)

   A truly terrible weapon, it drains the life of those it strikes.
   It affects your intelligence (+4).
   It protects you from poison.
 y - a +8 quick blade
 U - the +5 broad axe of Qapotaas (weapon) {chop, *Noise rN+ Str+3 Int+5}
   (You took it off a frost giant on level 5 of the Vaults)

   It inflicts extra damage upon your enemies.
   It affects your strength (+3).
   It affects your intelligence (+5).
   It protects you from negative energy.
   It may make noises in combat.
Armour
 d - the +0 cloak "Beseetha" (worn) {MR+ SInv}
   (You found it on level 5 of the Vaults)

   It affects your resistance to hostile enchantments.
   It lets you see invisible.
 f - a +2 helmet of intelligence (worn)
 q - the +1 pair of gloves "Noec" (worn) {rF++ rCorr Int+2 Stlth-}
   (You found it on level 5 of the Lair of Beasts)

   It affects your intelligence (+2).
   It greatly protects you from fire.
   It protects you from acid and corrosion.
   It makes you less stealthy.
 u - a +2 pair of boots of flying (worn)
 I - the +0 cloak of the Komodo Dragon {rPois rF+ MR+ Str+4}
   (You took it off a red draconian on level 1 of the Realm of Zot)

   It affects your strength (+4).
   It protects you from fire.
   It protects you from poison.
   It affects your resistance to hostile enchantments.
 P - the +1 buckler of Haopel (worn) {rC- rN+ Str+5 Dex+2}
   (You acquired it on level 3 of the Depths)

   It affects your strength (+5).
   It affects your dexterity (+2).
   It makes you vulnerable to cold.
   It protects you from negative energy.
 Y - the +6 faerie dragon armour (worn) {+Inv rElec Int+4 Dex+3}
   (You took it off the Enchantress on level 1 of the Depths)

   It affects your intelligence (+4).
   It affects your dexterity (+3).
   It insulates you from electricity.
   It lets you turn invisible.
Magical Staves
 v - an uncursed staff of conjuration
 M - an uncursed staff of air
Jewellery
 j - an amulet of regeneration (around neck)
 p - an uncursed ring of protection from cold
 Q - the ring "Bolid" (right hand) {+Fly rPois Str+3 Int+4 Dex+3}
   (You took it off a frost giant on level 5 of the Vaults)

   [ring of strength]

   It affects your strength (+3).
   It affects your intelligence (+4).
   It affects your dexterity (+3).
   It protects you from poison.
   It lets you fly.
 T - a ring of wizardry (left hand)
Wands
 l - a wand of teleportation (1/9)
 t - a wand of hasting (5/9)
 z - a wand of lightning (0/15)
 S - a wand of hasting (7/9)
Scrolls
 e - 13 scrolls of remove curse
 g - 3 scrolls of fear
 w - 3 scrolls of recharging
 A - 6 scrolls of enchant weapon
 B - 6 scrolls of magic mapping
 C - 3 scrolls of brand weapon {unknown}
 F - 5 scrolls of fog
 J - 5 scrolls of teleportation
 R - 3 scrolls of amnesia
Potions
 a - 4 potions of cancellation
 k - 9 potions of curing
 o - 6 potions of flight
 r - 3 potions of invisibility
 D - a potion of heal wounds
 G - a potion of beneficial mutation {unknown}
 H - 2 potions of resistance
 K - 3 potions of agility
 L - a potion of experience {unknown}
 O - 5 potions of brilliance
 X - 7 potions of might
Books
 b - a book of Flames

   Spells                             Type                      Level
   a - Flame Tongue                   Conjuration/Fire             1
   b - Throw Flame                    Conjuration/Fire             2
   c - Conjure Flame                  Conjuration/Fire             3
   d - Inner Flame                    Hexes/Fire                   3
   e - Sticky Flame                   Conjuration/Fire             4
   f - Fireball                       Conjuration/Fire             5
 i - a book of Minor Magic

   Spells                             Type                      Level
   a - Magic Dart                     Conjuration                  1
   b - Blink                          Translocation                2
   c - Call Imp                       Summoning                    2
   d - Repel Missiles                 Charms/Air                   2
   e - Slow                           Hexes                        2
   f - Conjure Flame                  Conjuration/Fire             3
   g - Mephitic Cloud                 Conjuration/Poison/Air       3
 m - a book of the Sky

   Spells                             Type                      Level
   a - Summon Lightning Spire         Summoning/Air                4
   b - Airstrike                      Air                          4
   c - Silence                        Hexes/Air                    5
   d - Deflect Missiles               Charms/Air                   6
   e - Conjure Ball Lightning         Conjuration/Air              6
   f - Tornado                        Air                          9
 V - a book of Clouds

   Spells                             Type                      Level
   a - Mephitic Cloud                 Conjuration/Poison/Air       3
   b - Conjure Flame                  Conjuration/Fire             3
   c - Poisonous Cloud                Conjuration/Poison/Air       6
   d - Freezing Cloud                 Conjuration/Ice/Air          6
   e - Ring of Flames                 Charms/Fire                  7
Miscellaneous
 s - a phial of floods (inert)
 N - a phantom mirror
Comestibles
 c - 23 bread rations
 x - 7 meat rations


   Skills:
 - Level 19.0 Fighting
 - Level 2.6 Staves
 - Level 7.0 Armour
 - Level 17.0 Dodging
 - Level 2.4 Stealth
 - Level 4.0 Shields
 * Level 21.0 Spellcasting
 + Level 24.7 Conjurations
 + Level 24.8 Fire Magic
 + Level 22.3 Air Magic
 - Level 2.9 Evocations


You had 8 spell levels left.
You knew the following spells:

 Your Spells              Type           Power        Failure   Level  Hunger
a - Flame Tongue          Conj/Fire      #####        0%          1    None
b - Airstrike             Air            ########..   0%          4    None
c - Sticky Flame          Conj/Fire      ########     0%          4    None
d - Fireball              Conj/Fire      ########..   0%          5    None
e - Mephitic Cloud        Conj/Pois/Air  ########     0%          3    None
f - Bolt of Fire          Conj/Fire      ########..   0%          6    None
g - Repel Missiles        Chrm/Air       ######       0%          2    None
h - Blink                 Tloc           N/A          1%          2    None
i - Fire Storm            Conj/Fire      ########..   1%          9    None
j - Tornado               Air            ########..   1%          9    None
k - Lehudib's Crystal Sp  Conj/Erth      ########..   1%          8    None
l - Ring of Flames        Chrm/Fire      ########..   1%          7    None


Dungeon Overview and Level Annotations

Branches:
Dungeon (15/15)            Temple (1/1) D:6            Lair (8/8) D:11
  Swamp (4/4) Lair:4       Spider (4/4) Lair:4        Slime (0/6) Lair:6
    Orc (2/2) D:12            Elf (3/3) Orc:2        Vaults (5/5) D:13
  Crypt (0/3) Vaults:2     Depths (5/5) D:15            Zot (5/5) Depths:5

Altars:
Ashenzari
Cheibriados
Dithmenos
Elyvilon
Fedhas
Gozag
Kikubaaqudgha
Makhleb
Nemelex Xobeh
Okawaru
Pakellas
Qazlal
Ru
Sif Muna
Vehumet
Xom
Yredelemnul
Zin
The Shining One

Shops:
D:5 !   D:6 =   D:13 (!:=(   D:14 *   Orc:2 *(}=   Elf:1 :   Elf:2 :
Vaults:2 %   Vaults:5 *}??[   Depths:3 :

Portals:
Hell: Depths:1 Depths:2 Depths:3 Depths:4 Depths:5
Abyss: Depths:1 Depths:4 Depths:5
Pandemonium: Depths:3
Ziggurat: Depths:3
Trove: D:13 (give +3 gold dragon armour)

Annotations:
D:2 Sigmund
D:5 Menkaure
Lair:6 Josephine
Elf:2 3 runed doors


Innate Abilities, Weirdness & Mutations

You are partially covered in rugged brown scales (AC +1, +3% HP).
Scrolls take you a little longer to read.
Your magical capacity is low (-10% MP).


Message History

A smoke demon comes into view.
The smoke demon roars!
The smoke demon gestures at you. The ball of steam misses you.
Your extra speed is starting to run out.
There is an open door here.
You feel yourself slow down.
You feel a little less agile now.
There is an open door here.
You start to feel less resistant.
Your resistance to elements expires.
There is an open door here.
There is an open door here.
There is an open door here.
There is an open door here.
There is an open door here.
There is an open door here.
There is an open door here.
There is a staircase leading out of the dungeon here.
You have escaped!

#........#.......# #.
#...3....#...3...# #.
#...##########...# #.
#...#....'...#...# #.
#...#....#...#...# #.
#...#....#...#...# #.
#3..#....###'###3#. #.
#'###'#####..#...#.# #.
#...#...#@'..#...#.#### #.
#...#...######...#....# #.
#...#.....#......#....# #.
#..3#.....#......#....###.
#...#.....'3.....#........
#...##############....###.
#.........# #.......####
#.........### #.....3.....
#.........3.#
#..ยง.....K..


There were no monsters in sight!

Vanquished Creatures
  Mara (Depths:1)
  6 orbs of fire
  4 juggernauts
  5 ancient liches
  Sojobo (Depths:1)
  the Lernaean hydra (Swamp:4)
  9 Killer Klowns
  3 curse toes
  16 golden dragons
  the Enchantress (Depths:1)
  Arachne (Spider:3)
  2 bone dragons (Depths:5)
  5 electric golems
  Jorgrun (Swamp:2)
  Rupert (D:12)
  21 tentacled monstrosities
  23 Orb Guardians
  5 liches
  5 titans
  2 deep elf blademasters (Elf:3)
  2 quicksilver dragons
  2 deep elf master archers (Elf:3)
  7 sphinxes
  Frances (Swamp:2)
  14 death cobs
  3 thorn hunters (Swamp:3)
  Kirke (D:12)
  9 tengu reavers
  3 draconian monks
  7 shadow dragons
  14 storm dragons
  Wiglaf (Depths:2)
  A draconian scorcher (Zot:1)
  Maud (D:13)
  8 ghost moths
  7 draconian knights
  2 iron dragons
  13 fire giants
  13 deep elf sorcerers
  11 frost giants
  2 deep elf elementalists
  Louise (Elf:1)
  6 draconian zealots
  The ghost of Kareck the Executioner, a journeyman HOFi of Okawaru (Elf:1)
  8 draconian shifters
  6 emperor scorpions (Spider:4)
  16 vault wardens
  18 very ugly things
  3 draconian annihilators
  A reaper (D:9)
  4 spriggan defenders
  23 ironheart preservers
  3 draconian callers
  17 stone giants
  5 vampire knights
  12 black draconians
  19 deep elf demonologists
  14 green draconians
  10 mottled draconians
  8 red draconians
  8 deep elf annihilators
  16 purple draconians
  16 white draconians
  6 yellow draconians
  9 spark wasps
  17 ettins
  12 deep elf death magi
  A green death (Depths:3)
  A merfolk javelineer (Depths:3)
  21 fire dragons
  37 vault guards
  19 yaktaur captains
  8 deep elf high priests
  7 great orbs of eyes
  17 ice dragons
  Fannar (D:12)
  5 entropy weavers
  2 rakshasas
  21 hydras
  2 catoblepae
  A hydra (shapeshifter) (Vaults:5)
  4 spriggan air magi
  An anaconda (shapeshifter) (Depths:4)
  8 alligators
  14 centaur warriors
  17 ogre magi
  9 death yaks
  14 dancing weapons
  6 deep troll shamans
  8 deep troll earth magi
  4 spriggan berserkers
  3 vampire magi
  2 orc high priests
  4 tengu warriors
  8 hell knights
  Urug (D:11)
  26 deep elf knights
  A shock serpent (shapeshifter) (Vaults:3)
  A soul eater (D:8)
  9 spriggans
  3 iron trolls
  2 shadow wraiths
  2 small abominations
  6 skeletal warriors
  A salamander mystic (Vaults:2)
  2 orange crystal statues
  A spark wasp zombie (Depths:1)
  A sea snake (shapeshifter) (Depths:5)
  2 spriggan druids
  5 unseen horrors
  6 shambling mangroves
  31 deep trolls
  12 swamp dragons
  3 flayed ghosts
  12 hill giants
  Pikel (D:5)
  An infernal demonspawn (Depths:3)
  20 deep elf archers
  10 giant orange brains
  4 wizards
  A harpy (Vaults:5)
  23 ironbrand convokers
  7 necromancers
  4 phantasmal warriors
  21 orc knights
  A salamander (Vaults:2)
  54 deep elf magi
  41 ugly things
  20 orb spiders
  10 orc sorcerers
  2 tengu skeletons (Depths:1)
  An orb spider (shapeshifter) (Depths:3)
  50 wolf spiders
  3 griffons
  36 moths of wrath
  A cyclops (shapeshifter) (Elf:1)
  6 cyclopes
  17 hornets
  A manticore (D:12)
  A stone giant skeleton (Depths:1)
  Maurice (D:12)
  2 human skeletons (Vaults:4)
  A guardian serpent (shapeshifter) (Depths:4)
  16 vault sentinels
  13 elephants
  Joseph (D:7)
  5 black mambas
  A spriggan zombie (Depths:1)
  4 gargoyles
  A water nymph (shapeshifter) (Depths:4)
  36 spiny frogs
  An orange demon (Depths:3)
  A spriggan skeleton (Depths:1)
  5 spectral swamp worms (Depths:3)
  70 yaktaurs
  5 rime drakes
  An efreet (D:14)
  An elf zombie (Depths:4)
  A hellwing (D:8)
  A rime drake (shapeshifter) (Vaults:2)
  A komodo dragon (shapeshifter) (Vaults:5)
  9 komodo dragons
  4 kobold demonologists
  2 tengu conjurers
  An ice devil (Depths:1)
  15 demonic crawlers
  3 freezing wraiths (Vaults:1)
  3 red devils
  10 giant leeches
  12 trolls
  A jumping spider (shapeshifter) (Elf:2)
  A polar bear (Lair:5)
  2 queen bees (shapeshifter)
  47 jumping spiders
  A polar bear (shapeshifter) (D:15)
  23 two-headed ogres
  8 bog bodies
  29 blink frogs
  A blink frog (shapeshifter) (Vaults:1)
  29 slime creatures
  Prince Ribbit (Lair:3)
  5 boulder beetles
  A deep troll zombie (Depths:1)
  An ettin zombie (Vaults:4)
  8 air elementals
  73 redbacks
  A frost giant simulacrum (Depths:1)
  80 yaks
  6 flying skulls (Depths:3)
  A spriggan (shapeshifter) (Depths:2)
  3 shadows
  34 tarantellas
  8 vampires
  6 water elementals
  The ghost of lanetrain the Stinger, an amateur SpVM of Fedhas (D:7)
  2 hogs (D:12)
  5 wraiths
  5 wyverns
  5 fire elementals
  4 basilisks
  A human (D:13)
  32 vampire mosquitoes
  A chaos spawn (Depths:3)
  13 hippogriffs
  2 hungry ghosts
  Edmund (D:5)
  2 mottled dragons
  A swamp worm (shapeshifter) (Depths:1)
  10 insubstantial wisps
  24 swamp worms
  9 wargs
  2 nagas (shapeshifter)
  A deep troll skeleton (Vaults:4)
  12 water moccasins
  2 giant eyeballs
  50 orc warriors
  25 porcupines
  5 sky beasts
  6 ice beasts
  A phantom (D:9)
  2 slaves (D:5)
  16 swamp drakes
  3 black bears
  An ettin simulacrum (Vaults:4)
  An ice beast (shapeshifter) (Depths:5)
  7 necrophages
  17 wasps
  4 wolves
  29 centaurs
  77 ogres
  The ghost of huntrex the Skirmisher, an amateur DsWn of Qazlal (D:6)
  12 boggarts
  2 elf skeletons
  20 big kobolds
  18 crocodiles
  An elf simulacrum (Depths:4)
  10 human zombies
  A gnoll sergeant (Orc:2)
  36 giant frogs
  7 earth elementals
  A wyvern skeleton (D:12)
  10 scorpions
  A water moccasin skeleton (D:10)
  A human simulacrum (Vaults:4)
  An oklob sapling (D:6)
  15 killer bees
  23 wights
  12 electric eels
  A vampire bat (Lair:3)
  15 howler monkeys
  13 crimson imps
  3 centaur zombies
  A giant frog zombie (D:8)
  2 quasits
  7 hounds
  16 jellies
  31 orc priests
  A jelly (shapeshifter) (Depths:5)
  A gnoll shaman (D:7)
  6 centaur skeletons
  9 iguanas
  5 giant frog skeletons
  29 orc wizards
  12 worker ants
  15 sheep
  3 hound skeletons
  16 adders
  15 gnolls
  46 river rats
  7 shadow imps
  12 white imps (D:11)
  An ooze (Lair:6)
  3 adder zombies
  2 adder skeletons
  A worm (D:4)
  2 dart slugs
  5 giant geckos
  109 orcs
  8 giant cockroaches
  7 goblins
  4 hobgoblins
  13 jackals
  39 kobolds
  5 quokkas
  A quokka (shapeshifter) (D:15)
  3 ball pythons
  19 bats
  A giant cockroach zombie (D:5)
  A giant gecko skeleton (D:9)
  A giant newt (D:1)
  A goblin skeleton (D:9)
  A goblin zombie (D:9)
  3 hobgoblin zombies (D:9)
  2 kobold skeletons (D:9)
  A kobold zombie (D:9)
  An orc zombie (D:9)
  A quokka skeleton (D:4)
  A quokka zombie (D:6)
  A rat (shapeshifter) (D:15)
  8 rats
  A rat zombie (D:6)
  A butterfly (Lair:5)
  5 crawling corpses (Elf:3)
  26 fire vortices (Vaults:5)
  3 plants
2897 creatures vanquished.

Vanquished Creatures (collateral kills)
  A juggernaut (Depths:4)
  A tentacled monstrosity (Zot:5)
  A titan (Vaults:5)
  A shadow dragon (Depths:4)
  A draconian monk (Zot:5)
  A draconian scorcher (Zot:2)
  A frost giant (Depths:1)
  A draconian zealot (Zot:2)
  A draconian annihilator (Zot:5)
  A black draconian (Zot:2)
  A yellow draconian (Zot:2)
  2 white draconians
  A shadow dragon zombie (Depths:4)
  A two-headed ogre (Depths:1)
  An ettin skeleton (Depths:1)
  2 ogres (Depths:1)
  A human zombie (Depths:3)
19 creatures vanquished.

Vanquished Creatures (others)
  A salamander stormcaller (Vaults:2)
  A deep elf mage (Elf:2)
  An air elemental (Elf:1)
  3 humans (D:12)
  A wasp (Spider:4)
  An ogre (Depths:1)
  A crimson imp (D:5)
  240 fire vortices
  50 fungi
  45 plants
344 creatures vanquished.

Grand Total: 3260 creatures vanquished

Notes
Turn   | Place    | Note
--------------------------------------------------------------
     0 | D:1      | ringo67 the Deep Elf Fire Elementalist began the quest for the Orb.
     0 | D:1      | Reached XP level 1. HP: 10/10 MP: 6/6
   416 | D:1      | Reached XP level 2. HP: 15/15 MP: 6/8
  1277 | D:2      | Reached XP level 3. HP: 19/19 MP: 7/9
  1551 | D:2      | Noticed Sigmund
  1830 | D:3      | Learned a level 3 spell: Conjure Flame
  1887 | D:3      | Reached XP level 4. HP: 15/24 MP: 0/10
  2612 | D:3      | Reached skill level 5 in Fire Magic
  2784 | D:3      | Reached XP level 5. HP: 12/28 MP: 0/11
  2884 | D:4      | Learned a level 4 spell: Sticky Flame
  3163 | D:4      | Found a shadowy altar of Dithmenos.
  3686 | D:3      | Reached XP level 6. HP: 13/32 MP: 5/12
  3829 | D:4      | Reached skill level 5 in Conjurations
  4242 | D:5      | Entered Level 5 of the Dungeon
  4474 | D:5      | Reached XP level 7. HP: 36/36 MP: 10/13
  4800 | D:5      | Reached skill level 1 in Fighting
  4951 | D:5      | Found Ruhath's Distillery.
  4993 | D:5      | Noticed Menkaure
  5223 | D:5      | Noticed Edmund
  5509 | D:5      | Noticed Pikel
  5521 | D:5      | Killed Pikel
  5521 | D:5      | Reached skill level 5 in Spellcasting
  5521 | D:5      | Reached XP level 8. HP: 32/45 MP: 2/17
  5667 | D:5      | Learned a level 5 spell: Fireball
  5716 | D:5      | Killed Edmund
  6050 | D:6      | Reached skill level 5 in Dodging
  6078 | D:6      | Found a staircase to the Ecumenical Temple.
  6079 | D:6      | Noticed huntrex's ghost (amateur DsWn)
  6386 | D:6      | Got a fine morningstar
  6397 | D:6      | Identified the cursed +1 morningstar "Fophur" {drain, rPois Int+4} (You found it on level 6 of the Dungeon)
  6471 | D:6      | Found a snail-covered altar of Cheibriados.
  6471 | D:6      | Found a stormy altar of Qazlal.
  6512 | D:6      | Found a sparkling altar of Nemelex Xobeh.
  6513 | D:6      | Found a white marble altar of Elyvilon.
  6514 | D:6      | Found an oddly glowing altar of Pakellas.
  6614 | D:6      | Found Ixeosi's Jewellery Emporium.
  6940 | D:6      | Reached XP level 9. HP: 51/51 MP: 20/20
  7060 | Temple   | Entered the Ecumenical Temple
  7222 | D:6      | Killed huntrex's ghost
  7549 | D:7      | Noticed Joseph
  7902 | D:7      | Found a blossoming altar of Fedhas.
  8060 | D:7      | Found a deep blue altar of Sif Muna.
  8105 | D:7      | Noticed lanetrain's ghost (amateur SpVM)
  8112 | D:7      | Killed lanetrain's ghost
  8807 | D:7      | Found a shattered altar of Ashenzari.
  9023 | D:7      | Killed Joseph
  9366 | D:8      | Reached XP level 10. HP: 58/58 MP: 19/23
  9748 | D:8      | Found a shimmering altar of Xom.
 10334 | D:8      | Found a sacrificial altar of Ru.
 10439 | D:8      | Reached skill level 5 in Fighting
 10913 | D:9      | Found a radiant altar of Vehumet.
 10933 | D:9      | Became a worshipper of Vehumet
 11156 | D:9      | Got a transparent dagger
 11163 | D:9      | Identified the +5 dagger of the Bear {venom, +Inv rPois Str-2 Dex+4} (You found it on level 9 of the Dungeon)
 11586 | D:9      | Reached * piety under Vehumet
 11586 | D:9      | Offered knowledge of Magic Dart by Vehumet.
 11642 | D:9      | Found a glowing golden altar of the Shining One.
 11972 | D:9      | Noticed a hill giant
 11978 | D:9      | Killed a hill giant
 11978 | D:9      | Reached skill level 10 in Fire Magic
 12065 | D:9      | Reached XP level 11. HP: 50/64 MP: 26/26
 12341 | D:10     | Entered Level 10 of the Dungeon
 12412 | D:10     | Got a scorched rapier
 12414 | D:10     | Identified the +7 rapier of Watchfulness {pierce, rPois Dex+4} (You found it on level 10 of the Dungeon)
 12827 | D:10     | Noticed a hill giant
 12838 | D:10     | Killed a hill giant
 12886 | D:10     | Reached ** piety under Vehumet
 12916 | D:10     | Noticed a hill giant
 12929 | D:10     | Killed a hill giant
 13201 | D:10     | Offered knowledge of Shock by Vehumet.
 13244 | D:11     | Noticed a hill giant
 13398 | D:11     | Noticed an eight-headed hydra
 13490 | D:11     | Killed a hill giant
 13490 | D:11     | Reached skill level 10 in Spellcasting
 13772 | D:10     | Reached skill level 10 in Conjurations
 13861 | D:11     | Offered knowledge of Static Discharge by Vehumet.
 13863 | D:11     | Noticed a hill giant
 13879 | D:11     | Killed a hill giant
 13888 | D:11     | Noticed Urug
 13982 | D:11     | Killed Urug
 14250 | D:11     | Reached *** piety under Vehumet
 14483 | D:11     | Killed an eight-headed hydra
 14483 | D:11     | Reached skill level 10 in Dodging
 14668 | D:11     | Noticed a skeletal warrior
 14668 | D:11     | Noticed a skeletal warrior
 14693 | D:11     | Noticed a skeletal warrior
 14704 | D:10     | Killed a skeletal warrior
 14704 | D:10     | Reached XP level 12. HP: 71/71 MP: 28/28
 14824 | D:11     | Found a staircase to the Lair.
 14832 | D:11     | Offered knowledge of Ignite Poison by Vehumet.
 15157 | D:11     | Reached skill level 1 in Armour
 15634 | Lair:1   | Entered Level 1 of the Lair of Beasts
 15636 | Lair:1   | Reached **** piety under Vehumet
 15743 | Lair:1   | Offered knowledge of Olgreb's Toxic Radiance by Vehumet.
 17142 | Lair:2   | Noticed an eight-headed hydra
 17164 | Lair:2   | Reached skill level 1 in Staves
 17164 | Lair:2   | Reached skill level 1 in Evocations
 17207 | Lair:2   | Reached ***** piety under Vehumet
 17421 | Lair:2   | Killed an eight-headed hydra
 17635 | Lair:2   | Offered knowledge of Venom Bolt by Vehumet.
 17721 | Lair:2   | Noticed a catoblepas
 17989 | Lair:3   | Noticed Prince Ribbit
 17991 | Lair:3   | Reached XP level 13. HP: 78/78 MP: 30/30
 17996 | Lair:3   | Killed Prince Ribbit
 18662 | Lair:3   | Learned a level 3 spell: Mephitic Cloud
 19319 | Lair:4   | Reached skill level 1 in Air Magic
 19598 | Lair:4   | Found a staircase to the Swamp.
 19727 | Lair:4   | Found a hole to the Spider Nest.
 20487 | Lair:5   | Got a pair of jewelled gloves
 20488 | Lair:5   | Identified the +1 pair of gloves "Noec" {rF++ rCorr Int+2 Stlth-} (You found it on level 5 of the Lair of Beasts)
 20662 | Lair:5   | Reached skill level 5 in Armour
 21513 | Lair:5   | Offered knowledge of Throw Icicle by Vehumet.
 22468 | Lair:6   | Reached XP level 14. HP: 86/86 MP: 24/31
 22649 | Lair:6   | Found a staircase to the Slime Pits.
 23451 | Lair:7   | Reached skill level 1 in Shields
 23491 | Lair:7   | Reached skill level 5 in Air Magic
 24207 | Lair:8   | Entered Level 8 of the Lair of Beasts
 24498 | Lair:8   | Noticed Josephine
 25607 | Lair:7   | Offered knowledge of Lightning Bolt by Vehumet.
 27218 | Lair:8   | Reached skill level 10 in Fighting
 28213 | Lair:8   | Offered knowledge of Irradiate by Vehumet.
 28529 | Lair:2   | Reached XP level 15. HP: 92/92 MP: 32/33
 28873 | D:12     | Noticed Fannar
 28965 | D:12     | Killed Fannar
 29072 | D:12     | Found a staircase to the Orcish Mines.
 29932 | D:12     | You fall through a shaft for 3 floors!
 29932 | D:15     | Entered Level 15 of the Dungeon
 30322 | D:15     | Found a blossoming altar of Fedhas.
 30540 | D:12     | Noticed Kirke
 30576 | D:12     | Killed Kirke
 30798 | D:12     | Noticed Rupert
 30800 | D:12     | Paralysed by Rupert for 2 turns
 30815 | D:12     | Killed Rupert
 31000 | D:12     | Noticed Maurice
 31005 | D:12     | Killed Maurice
 31225 | Orc:1    | Entered Level 1 of the Orcish Mines
 31265 | Orc:1    | Offered knowledge of Bolt of Fire by Vehumet.
 31294 | D:12     | Learned a level 6 spell: Bolt of Fire
 31672 | Orc:2    | Entered Level 2 of the Orcish Mines
 31905 | Orc:2    | Found a staircase to the Elven Halls.
 32871 | Orc:2    | Found Kaiquvo's Jewellery Boutique.
 32871 | Orc:2    | Found Fuafophexesm's General Store.
 32871 | Orc:2    | Found Aluon's Antique Weapon Shop.
 32874 | Orc:2    | Found Noafuqit's Gadget Boutique.
 32927 | Orc:2    | Bought a scroll of teleportation for 33 gold pieces
 32927 | Orc:2    | Bought a scroll of enchant weapon for 82 gold pieces
 32940 | Orc:2    | Bought an uncursed ring of see invisible for 240 gold pieces
 33443 | Elf:1    | Entered Level 1 of the Elven Halls
 33531 | Elf:1    | Noticed Kareck's ghost (journeyman HOFi)
 33618 | Elf:1    | Killed Kareck's ghost
 34108 | Elf:1    | Noticed Louise
 34111 | Elf:1    | Killed Louise
 34678 | Elf:1    | Identified the Almanac of Dusty Curses
 34703 | Elf:1    | Found Yceat's Book Shoppe.
 34711 | Elf:1    | Bought a book of the Sky for 1040 gold pieces
 34711 | Elf:1    | Bought a book of Minor Magic for 320 gold pieces
 34719 | Elf:1    | Learned a level 2 spell: Repel Missiles
 34722 | Elf:1    | Learned a level 2 spell: Blink
 34770 | Elf:1    | Noticed a deep elf sorcerer
 34773 | Elf:1    | Killed a deep elf sorcerer
 35310 | Elf:1    | Offered knowledge of Iron Shot by Vehumet.
 35633 | Elf:1    | Reached XP level 16. HP: 100/100 MP: 34/35
 36012 | Elf:1    | Reached skill level 15 in Fire Magic
 36020 | Elf:1    | Got an ancient spear {flame}
 36032 | Orc:2    | Identified the +9 spear of Domination {flame, rF++ Int+2 Dex+4} (You took it off a deep elf knight on level 1 of the Elven Halls)
 36971 | Swamp:1  | Entered Level 1 of the Swamp
 38096 | Swamp:2  | Noticed Jorgrun
 38099 | Swamp:2  | Killed Jorgrun
 38920 | Swamp:2  | Noticed Frances
 38924 | Swamp:2  | Killed Frances
 39129 | Swamp:2  | Reached ****** piety under Vehumet
 39143 | Swamp:2  | Got a transparent robe
 39517 | Lair:4   | Identified the cursed +0 robe of Makhleb's Wrath {Str+6 Dex-5 Stlth+} (You found it on level 2 of the Swamp)
 40070 | Swamp:2  | Offered knowledge of Spellforged Servitor by Vehumet.
 40321 | Swamp:3  | Noticed a thorn hunter
 40327 | Swamp:3  | Killed a thorn hunter
 40519 | Swamp:3  | Reached skill level 15 in Conjurations
 41121 | Swamp:3  | Noticed a thorn hunter
 41220 | Swamp:3  | Killed a thorn hunter
 41546 | Swamp:3  | Noticed a thorn hunter
 41549 | Swamp:3  | Killed a thorn hunter
 41741 | Spider:1 | Entered Level 1 of the Spider Nest
 42193 | Spider:1 | Reached skill level 10 in Air Magic
 42193 | Spider:1 | Reached XP level 17. HP: 54/106 MP: 36/37
 42563 | Spider:1 | Reached skill level 15 in Spellcasting
 43270 | Spider:2 | Offered knowledge of Lehudib's Crystal Spear by Vehumet.
 43270 | Spider:2 | Offered knowledge of Fire Storm by Vehumet.
 43270 | Spider:2 | Offered knowledge of Chain Lightning by Vehumet.
 43292 | Spider:1 | Learned a level 9 spell: Fire Storm
 43887 | Spider:2 | Identified a scroll of acquirement
 45766 | Spider:3 | Got a dazzling trident
 45767 | Spider:3 | Identified the +10 trident of Miweur Kuudu {speed, rF- Str+5} (You found it on level 3 of the Spider Nest)
 47551 | Elf:2    | Found Mempoa's Book Boutique.
 48248 | D:13     | Found Deri's Book Boutique.
 48291 | D:13     | Found Wolurryus's Distillery.
 48383 | D:13     | Found Extot's Weapon Shop.
 48602 | D:13     | Found Plog's Weapon Shop.
 48604 | D:13     | Noticed Maud
 48612 | D:13     | Killed Maud
 48762 | D:13     | Found a shattered altar of Ashenzari.
 48809 | D:13     | Found a portal to a secret trove of treasure.
 49247 | D:13     | Found a gate to the Vaults.
 49366 | D:13     | Found Pow Jomo's Jewellery Emporium.
 49510 | D:14     | Found Nediag's Assorted Antiques.
 49587 | D:14     | Found an opulent altar of Gozag.
 50303 | D:14     | Reached XP level 18. HP: 112/112 MP: 31/40
 50845 | D:15     | Got a bronze scale mail
 50856 | D:15     | Identified the cursed +0 scale mail of Philately {+Inv rPois Str+8 Int-2} (You found it on level 15 of the Dungeon)
 51348 | Swamp:4  | Entered Level 4 of the Swamp
 51775 | Swamp:4  | Noticed the 27-headed Lernaean hydra
 52160 | Swamp:4  | Killed the 27-headed Lernaean hydra
 52904 | Swamp:4  | Got a decaying rune of Zot
 53108 | Spider:4 | Entered Level 4 of the Spider Nest
 53114 | Spider:4 | Noticed Arachne
 53125 | Spider:3 | Killed Arachne
 55686 | Spider:4 | Reached XP level 19. HP: 105/119 MP: 40/42
 55854 | Spider:4 | Got a gossamer rune of Zot
 56220 | Vaults:1 | Entered Level 1 of the Vaults
 58687 | Vaults:1 | Got a steaming leather armour
 58908 | Vaults:1 | Identified the +1 leather armour of Benevolence {rF+ MR+ Dex+4} (You took it off an ironbrand convoker on level 1 of the Vaults)
 59910 | Vaults:2 | Learned a level 4 spell: Airstrike
 60768 | Vaults:2 | Found a staircase to the Crypt.
 60906 | Vaults:2 | Reached XP level 20. HP: 125/125 MP: 32/43
 61448 | Vaults:2 | Found Kewamnod's Food Emporium.
 66481 | Vaults:4 | Learned a level 9 spell: Tornado
 66761 | Vaults:4 | Reached XP level 21. HP: 117/132 MP: 31/44
 68047 | Elf:2    | Found a huge runed gate.
 68047 | Elf:2    | Found a huge runed gate.
 68047 | Elf:2    | Found a huge runed gate.
 68337 | Elf:3    | Entered Level 3 of the Elven Halls
 69005 | Elf:2    | Reached skill level 15 in Air Magic
 69870 | Elf:3    | Reached skill level 15 in Fighting
 70314 | Elf:3    | Got a faintly humming robe
 70854 | Elf:3    | Identified the +2 robe of Calculation {rF+ MR+} (You took it off a deep elf demonologist on level 3 of the Elven Halls)
 70979 | Elf:3    | Got an ivory halberd {chop}
 70981 | Elf:3    | Got a blackened leather armour
 71032 | Elf:3    | Identified the +3 leather armour of the Hunter {rCorr} (You took it off a deep elf demonologist on level 3 of the Elven Halls)
 71080 | Elf:3    | Identified the +4 halberd "Hatelunu" {chop, rC+} (You took it off a deep elf demonologist on level 3 of the Elven Halls)
 71540 | D:15     | Found a staircase to the Depths.
 71714 | Depths:1 | Entered Level 1 of the Depths
 72053 | Depths:1 | Noticed the Enchantress
 72054 | Depths:1 | Killed the Enchantress
 72054 | Depths:1 | Reached XP level 22. HP: 133/140 MP: 42/45
 72059 | Depths:1 | Noticed Mara
 72065 | Depths:1 | Noticed ringo67's illusion
 72067 | Depths:1 | Killed Mara
 72072 | Depths:1 | Noticed Sojobo
 72072 | Depths:1 | Killed Sojobo
 72321 | Depths:1 | Got a faerie dragon armour
 72371 | D:15     | Identified the +6 faerie dragon armour {+Inv rElec Int+4 Dex+3} (You took it off the Enchantress on level 1 of the Depths)
 72628 | Depths:1 | Found a gateway to Hell.
 72646 | Depths:1 | Found a one-way gate to the infinite horrors of the Abyss.
 73646 | Depths:2 | Noticed a juggernaut
 73650 | Depths:2 | Killed a juggernaut
 73892 | Depths:2 | Got a polished long sword {venom}
 73922 | Depths:2 | Identified the +7 long sword of Inflation {venom, rN+ MR+ MP+9} (You took it off a vampire mage on level 2 of the Depths)
 74225 | Depths:2 | Noticed a juggernaut
 74378 | Depths:2 | Noticed Wiglaf
 74382 | Depths:2 | Killed Wiglaf
 74382 | Depths:2 | Reached XP level 23. HP: 128/146 MP: 25/46
 74534 | Depths:2 | Killed a juggernaut
 75147 | Depths:3 | Found a one-way gate leading to the halls of Pandemonium.
 75157 | Depths:3 | Found Doxeynuk's Book Shoppe.
 75507 | Depths:3 | Found a gateway to a ziggurat.
 75507 | Depths:3 | Noticed an ancient lich
 76269 | Depths:3 | Got a faintly glowing buckler
 76280 | Depths:3 | Identified the +1 buckler of Haopel {rC- rN+ Str+5 Dex+2} (You acquired it on level 3 of the Depths)
 76285 | Depths:3 | Got a slimy buckler
 76296 | Depths:3 | Identified the +0 buckler of Hedging {Dex+3 SInv} (You acquired it on level 3 of the Depths)
 76379 | Depths:3 | Found a basalt altar of Yredelemnul.
 77393 | Depths:4 | Found a flickering gateway to a bazaar.
 77433 | Bazaar   | Entered a bazaar
 77443 | Bazaar   | Found Xecij's Antique Armour Shop.
 77462 | Bazaar   | Found Ecafeyci's Book Boutique.
 77484 | Bazaar   | Found Boeryax's Gadget Shop.
 77506 | Bazaar   | Found Dazxoum's Distillery.
 77517 | Bazaar   | Bought a potion of curing for 39 gold pieces
 77517 | Bazaar   | Bought a potion of cure mutation for 325 gold pieces
 77517 | Bazaar   | Bought a potion of brilliance for 52 gold pieces
 77517 | Bazaar   | Bought a potion of curing for 39 gold pieces
 77517 | Bazaar   | Bought a potion of invisibility for 104 gold pieces
 77892 | Depths:4 | Noticed a juggernaut
 77902 | Depths:4 | Killed a juggernaut
 77915 | Depths:4 | Noticed a juggernaut
 78077 | Depths:4 | Killed a juggernaut
 78307 | Depths:4 | Noticed a juggernaut
 78312 | Depths:4 | Killed a juggernaut
 78421 | Depths:4 | Identified the Compendium of Flying Sinister Magic (You found it on level 4 of the Depths)
 78788 | Depths:4 | Learned a level 8 spell: Lehudib's Crystal Spear
 78835 | Depths:5 | Entered Level 5 of the Depths
 79319 | Depths:5 | Reached XP level 24. HP: 154/154 MP: 23/46
 80239 | Depths:5 | Found a gate to the Realm of Zot.
 81648 | Vaults:5 | Entered Level 5 of the Vaults
 82192 | Vaults:5 | Reached XP level 25. HP: 143/160 MP: 13/46
 82658 | Vaults:5 | Noticed an ancient lich
 82754 | Vaults:5 | Killed an ancient lich
 83388 | Vaults:5 | Got a silver rune of Zot
 83652 | Vaults:5 | Found Menaocs's Assorted Antiques.
 83665 | Vaults:5 | Bought a potion of brilliance for 92 gold pieces
 83919 | Vaults:5 | Found Hioxaump's Antique Armour Boutique.
 83927 | Vaults:5 | Bought a pair of glowing boots for 184 gold pieces
 84381 | Vaults:5 | Found Ezaezxi's Magic Scroll Shoppe.
 84382 | Vaults:5 | Found Zagu's Gadget Shop.
 84385 | Vaults:5 | Found Rozufof's Magic Scroll Boutique.
 84397 | Vaults:5 | Bought a scroll of identify for 42 gold pieces
 84397 | Vaults:5 | Bought a scroll of blinking for 157 gold pieces
 84397 | Vaults:5 | Bought a scroll of identify for 42 gold pieces
 84405 | Vaults:5 | Bought a scroll of acquirement for 988 gold pieces
 84406 | Vaults:5 | Got a scorched quarterstaff
 84407 | Vaults:5 | Identified the +4 quarterstaff of Autumn {drain, rElec Str+4} (You acquired it on level 5 of the Vaults)
 84480 | Vaults:5 | Identified the Handbook of Spatial Stones
 84526 | Vaults:5 | Got a pitted turquoise ring
 84527 | Vaults:5 | Identified the ring "Bolid" {+Fly rPois Str+3 Int+4 Dex+3} (You took it off a frost giant on level 5 of the Vaults)
 84533 | Vaults:5 | Got a scorched broad axe {chop}
 84534 | Vaults:5 | Identified the +5 broad axe of Qapotaas {chop, *Noise rN+ Str+3 Int+5} (You took it off a frost giant on level 5 of the Vaults)
 84739 | Vaults:5 | Got a twisted cloak
 84750 | Vaults:5 | Identified the cursed +0 cloak "Beseetha" {MR+ SInv} (You found it on level 5 of the Vaults)
 84822 | Vaults:5 | Got a crude quarterstaff
 84875 | Vaults:4 | Identified the cursed +0 quarterstaff "Muddo" {crush, rC+} (You found it on level 5 of the Vaults)
 85337 | Zot:1    | Entered Level 1 of the Realm of Zot
 87214 | Zot:1    | Got a polished cloak
 87229 | Zot:1    | Identified the +0 cloak of the Komodo Dragon {rPois rF+ MR+ Str+4} (You took it off a red draconian on level 1 of the Realm of Zot)
 87699 | Zot:2    | Reached XP level 26. HP: 168/168 MP: 26/46
 87902 | Zot:2    | Noticed an orb of fire
 87902 | Zot:2    | Gained mutation: You tend to lose your temper in combat. [an orb of fire]
 87910 | Zot:2    | Gained mutation: You are dopey. (Int -2) [an orb of fire]
 87916 | Zot:2    | Killed an orb of fire
 88746 | Zot:2    | Noticed an orb of fire
 88748 | Zot:2    | Reached skill level 15 in Dodging
 88750 | Zot:2    | Killed an orb of fire
 91769 | Zot:4    | Reached XP level 27. HP: 175/175 MP: 15/46
 92693 | Zot:4    | Learned a level 7 spell: Ring of Flames
 92696 | Zot:5    | Entered Level 5 of the Realm of Zot
 92824 | Zot:5    | Noticed an ancient lich
 92829 | Zot:5    | Killed an ancient lich
 93329 | Zot:5    | Noticed an ancient lich
 93560 | Zot:5    | Killed an ancient lich
 94979 | Zot:5    | Noticed an ancient lich
 94984 | Zot:5    | Killed an ancient lich
 95412 | Zot:5    | Noticed an ancient lich
 95687 | Zot:5    | Noticed an orb of fire
 95699 | Zot:5    | Gained mutation: Your magical capacity is low (-10% MP). [an orb of fire]
 95702 | Zot:5    | Gained mutation: Scrolls take you a little longer to read. [an orb of fire]
 95703 | Zot:5    | Gained mutation: You are weak. (Str -2) [an orb of fire]
 95704 | Zot:5    | Killed an orb of fire
 95932 | Zot:5    | Killed an ancient lich
 96185 | Zot:5    | Noticed an orb of fire
 96724 | Zot:5    | Lost mutation: Scrolls take you a little longer to read. [potion of cure mutation]
 96724 | Zot:5    | Lost mutation: Your magical capacity is low (-10% MP). [potion of cure mutation]
 96724 | Zot:5    | Lost mutation: You are weak. (Str -2) [potion of cure mutation]
 96724 | Zot:5    | Lost mutation: You tend to lose your temper in combat. [potion of cure mutation]
 96724 | Zot:5    | Lost mutation: You are dopey. (Int -2) [potion of cure mutation]
 98083 | Zot:5    | Gained mutation: Scrolls take you a little longer to read. [an orb of fire]
 98086 | Zot:5    | Killed an orb of fire
 98239 | Zot:5    | Noticed an orb of fire
 98243 | Zot:5    | Killed an orb of fire
 98336 | Zot:5    | Noticed an orb of fire
 98473 | Zot:5    | Gained mutation: Your magical capacity is low (-10% MP). [mutagenic glow]
 98548 | Zot:4    | Gained mutation: You are partially covered in rugged brown scales (AC +1, +3% HP). [mutagenic glow]
 99773 | Zot:5    | Killed an orb of fire
100205 | Zot:5    | Got the Orb of Zot
100365 | Depths:1 | Noticed Waliw the pandemonium lord
100514 | D:9      | Noticed Xosm the pandemonium lord
100608 | D:7      | Noticed Ojaujid the pandemonium lord
100784 | D:4      | Noticed Lowiykk the pandemonium lord
100841 | D:3      | Noticed Faobuyz the pandemonium lord
100921 | D:2      | Noticed Uvvuwor the pandemonium lord
101019 | D:$      | Escaped with the Orb!

Skill      XL: |  1  2  3  4  5  6  7  8  9 10 11 12 13 14 15 16 17 18 19 20 21 22 23 24 25 26 27 |
---------------+----------------------------------------------------------------------------------+-----
Conjurations   | 2 3 4 5 6 7 8 9 10 11 12 13 14 15 16 17 18 19 20 21 22 23 24 | 24.7
Fire Magic     | 4 5 6 7 8 9 10 11 12 13 14 15 16 17 18 19 20 21 22 23 24 | 24.8
Fighting       | 2 3 4 5 6 8 9 10 11 12 13 14 15 16 17 18 19 | 19.0
Dodging        | 4 5 7 8 10 12 14 16 17 | 17.0
Spellcasting   | 5 6 7 9 10 11 12 13 14 16 17 21 | 21.0
Armour         | 3 5 6 7 |  7.0
Staves         | 2 |  2.6
Evocations     | 2 |  2.9
Air Magic      | 4 6 8 10 11 12 13 14 15 17 18 19 20 21 22 | 22.3
Shields        | 4 |  4.0
Stealth        | |  2.4

Action                   |  1- 3 |  4- 6 |  7- 9 | 10-12 | 13-15 | 16-18 | 19-21 | 22-24 | 25-27 || total
-------------------------+-------+-------+-------+-------+-------+-------+-------+-------+-------++-------
Melee: Dagger            |    14 |    12 |    73 |       |       |       |       |       |       ||    99
       Morningstar       |       |       |   171 |   135 |   166 |   239 |    46 |    72 |     2 ||   831
       Mace              |       |       |    28 |       |       |       |       |       |       ||    28
       Broad axe         |       |       |       |       |       |       |       |       |    30 ||    30
 Cast: Flame Tongue      |    69 |   105 |   190 |   601 |   891 |   922 |   253 |    70 |     9 ||  3110
       Conjure Flame     |     1 |     2 |     8 |    20 |    28 |     4 |       |       |       ||    63
       Sticky Flame      |       |     4 |    30 |    93 |   355 |   336 |    83 |    37 |    11 ||   949
       Fireball          |       |       |     8 |    48 |    85 |    79 |    83 |    31 |    24 ||   358
       Mephitic Cloud    |       |       |       |       |     5 |     3 |     1 |       |       ||     9
       Bolt of Fire      |       |       |       |       |    50 |   288 |   383 |   287 |   416 ||  1424
       Repel Missiles    |       |       |       |       |     2 |     1 |     3 |       |     5 ||    11
       Blink             |       |       |       |       |     1 |    14 |       |       |    12 ||    27
       Airstrike         |       |       |       |       |       |       |    85 |   132 |    66 ||   283
       Fire Storm        |       |       |       |       |       |       |    11 |    49 |    51 ||   111
       Tornado           |       |       |       |       |       |       |       |     4 |     3 ||     7
       Lehudib's Crystal |       |       |       |       |       |       |       |       |   181 ||   181
Evoke: Wand              |       |       |       |       |     5 |     1 |       |     2 |     9 ||    17
       Phial of floods   |       |       |       |       |       |       |       |       |     1 ||     1
  Use: Scroll            |       |     5 |     3 |    17 |    22 |    21 |     6 |     5 |    23 ||   102
       Potion            |       |       |       |       |     3 |    11 |     1 |     2 |    22 ||    39
  Eat: Chunk             |     3 |     8 |     9 |    19 |    40 |    16 |    15 |    13 |     8 ||   131
       Fruit             |       |     1 |     3 |       |     7 |     1 |       |     7 |       ||    19
       Beef jerky        |       |       |     2 |       |     3 |     2 |     3 |     2 |     1 ||    13
       Meat ration       |       |       |     1 |     1 |       |     6 |     6 |     3 |    11 ||    28
       Pizza             |       |       |       |     6 |     3 |     3 |     1 |     2 |     1 ||    16
       Bread ration      |       |       |       |       |     1 |     4 |       |     2 |       ||     7
       Royal jelly       |       |       |       |       |     1 |       |       |       |       ||     1
Armor: Robe              |    15 |    22 |   127 |   121 |   245 |   395 |    88 |     3 |       ||  1016
       Mottled dragon ar |       |       |       |       |       |       |       |    67 |   140 ||   207
Dodge: Dodged            |    24 |    39 |   290 |   441 |   756 |   776 |   177 |   215 |   497 ||  3215
       Deflected         |       |       |       |       |     2 |    14 |    34 |    27 |    20 ||    97
Block: Buckler           |       |       |       |       |    60 |   345 |    92 |    91 |   140 ||   728
